 Dungeon Crawl Stone Soup version 0.27-a0-887-gcab673c142 (webtiles) character file.

Game seed: 2255641246810648081

366 Hasart the Ruffian (level 6, 0/50 HPs)
             Began as a Demigod Transmuter on Apr 3, 2021.
             Killed by divine providence
             ... invoked by an orc priest
              (16 damage)
             ... on level 4 of the Dungeon.
             The game lasted 00:08:10 (3999 turns).

Hasart the Ruffian (Demigod Transmuter)             Turns: 3999, Time: 00:08:11

Health: 0/50       AC:  8    Str: 19    XL:     6   Next: 17%
Magic:  11/11      EV: 12    Int: 15    God:
Gold:   120        SH:  0    Dex: 14    Spells: 5/8 levels left

rFire    . . .     SeeInvis .   m - +2 dagger (venom)
rCold    + + .     Faith    .   (no shield)
rNeg     . . .     Spirit   .   e - +3 leather armour {rC+}
rPois    .         Reflect  .   j - +0 helmet
rElec    .         Harm     .   l - +0 cloak
rCorr    .         Rampage  .   (no gloves)
Will     .....                  (no boots)
Stlth    +.........             c - amulet of the acrobat
HPRegen  0.16/turn              p - ring of protection from cold
MPRegen  0.12/turn              (no ring)

@: no status effects
A: high mp 1, forlorn
a: no special abilities


You were on level 4 of the Dungeon.
You visited 1 branch of the dungeon, and saw 4 of its levels.

You collected 120 gold pieces.

Inventory:

Hand Weapons
 m - a +2 dagger of venom (weapon)
Missiles
 a - 17 poisoned darts (quivered)
 b - 5 javelins
Armour
 e - a +3 leather armour of cold resistance (worn)
 j - a +0 helmet (worn)
 l - a +0 cloak (worn)
Jewellery
 c - an amulet of the acrobat (around neck)
 p - a ring of protection from cold (left hand)
 r - a +6 ring of dexterity
 t - a ring of fire
Scrolls
 h - a scroll of blinking {unknown}
 i - a scroll of torment {unknown}
 n - a scroll of holy word {unknown}
 q - a scroll of enchant weapon {unknown}
 s - a scroll of identify {unknown}
Potions
 d - 2 potions of flight {unknown}
 f - a potion of curing {unknown}
 g - 3 potions of attraction {unknown}
 k - a potion of heal wounds {unknown}
 o - a potion of might {unknown}
 u - a potion of mutation {unknown}


   Skills:
 + Level 2.5 Fighting
 * Level 2.6 Short Blades
 + Level 2.0 Throwing
 + Level 2.9 Dodging
 - Level 3.3 Unarmed Combat
 - Level 1.7 Spellcasting
 + Level 3.0 Transmutations


You had 5 spell levels left.
You knew the following spells:

 Your Spells              Type           Power      Damage    Failure   Level
a - Beastly Appendage     Tmut           20%        N/A       8%          1
b - Wereblood             Tmut           10%        N/A       12%         2

Your spell library contained the following spells:

 Spells                   Type           Power      Damage    Failure   Level
 Spider Form              Tmut/Pois      2%         N/A       41%         3
 Ice Form                 Ice/Tmut       5%         N/A       82%         4
 Hydra Form               Tmut           5%         N/A       91%         5


Dungeon Overview and Level Annotations

Branches:
Dungeon (4/15)
 Temple: D:4-7

Shops:
D:3 (::?


Innate Abilities, Weirdness & Mutations

Your attributes grow dramatically as you level up.
You have an increased reservoir of magic. (+10% MP)
You shall have no god before yourself.


Message History

The orc priest looks encouraged for a moment.
The adder skeleton closely misses you.
The orc priest miscasts a cantrip.
Unknown command.
You barely miss the orc priest.
The orc priest is heavily wounded.
The orc priest hits you but does no damage.
The adder skeleton bites you but does no damage.
Unknown command.
You hit the orc priest.
The orc priest looks as sick as possible!
The orc priest is severely wounded.
The orc priest hits you but does no damage.
The orc priest looks encouraged for a moment.
The adder skeleton bites you but does no damage.
Unknown command.
You hit the orc priest.
The orc priest is poisoned.
The orc priest is moderately wounded.
The orc priest barely misses you.
The orc priest mumbles some strange prayers to Beogh against you.
Beogh smites you! The adder skeleton bites you.
Unknown command.
You closely miss the orc priest.
The orc priest is moderately wounded.
The orc priest hits you with a +0 club.
The orc priest hits you but does no damage.
The adder skeleton closely misses you.
Unknown command.
You hit the orc priest.
The orc priest looks as sick as possible!
The orc priest is severely wounded.
You kill the orc priest!
The orc priest hits you with a +0 club. The adder skeleton misses you.
Your Throwing skill increases to level 2!
Your Transmutations skill increases to level 3!
You hit the orc priest but do no damage.
The orc priest is severely wounded.
The orc priest mumbles some strange prayers to Beogh against you.
Beogh smites you!
You die...

.....##..## #..# #....
....
#..#######..####....
#.##...................
#.#..####.###.#.##....
##.............<......
#)))....#.#####.##.###
#..#.....# #.##.#
#.###....#.## #.##.#
#.# ##@.....# #.##.# ##
#oZ).#..# #.##.#
#.....#..# .......#
.#.#..... # #.####.#. .
.#.. .. ## .#


You could see an orc priest (extremely poisoned) and an adder skeleton.

Vanquished Creatures
  A scorpion (D:3)
  An orc priest (D:4)
  A bullfrog skeleton (D:4)
  An iguana (D:3)
  3 orc wizards (D:3)
  Terence (D:2)
  Robin (D:2)
  3 adders
  A worm (D:3)
  A dart slug (D:3)
  6 orcs
  6 ball pythons
  7 bats
  9 endoplasms
  16 goblins
  6 hobgoblins
  4 quokkas
  3 frilled lizards
  3 kobolds
  A quokka skeleton (D:4)
  5 rats
80 creatures vanquished.

Vanquished Creatures (others)
  2 plants (D:3)
2 creatures vanquished.

Grand Total: 82 creatures vanquished

Notes
Turn   | Place    | Note
-------+----------+-------------------------------------------
     0 | D:1      | Hasart the Demigod Transmuter began the quest for the Orb.
     0 | D:1      | Reached XP level 1. HP: 15/15 MP: 5/5
   258 | D:1      | Reached skill level 1 in Fighting
   766 | D:1      | Reached XP level 2. HP: 23/23 MP: 5/7
  1189 | D:2      | Noticed Robin
  1472 | D:2      | Reached XP level 3. HP: 24/28 MP: 6/8
  1487 | D:2      | Killed Robin
  1652 | D:2      | Learned a level 2 spell: Wereblood
  2053 | D:2      | Noticed Terence
  2062 | D:2      | Killed Terence
  2260 | D:2      | Reached skill level 1 in Throwing
  2359 | D:3      | Reached XP level 4. HP: 35/35 MP: 9/9
  2378 | D:3      | Found Xetif's Antique Weapon Shop.
  2570 | D:3      | Reached skill level 1 in Short Blades
  2633 | D:3      | Reached XP level 5. HP: 12/41 MP: 10/10
  2906 | D:3      | Found Tuwuec's Magic Scroll Emporium.
  3235 | D:3      | Found Laufem's Book Shoppe.
  3251 | D:3      | Found Uxifain's Book Shop.
  3949 | D:4      | Reached XP level 6. HP: 49/49 MP: 11/11
  3999 | D:4      | Killed from afar by an orc priest

Illustrated notes

Levels and vault maps discovered:
D:1:      dpeg_arrival_houses_and_road, layout_loops_ring,
          ebering_ecumenical_altar_rust
D:2:      layout_rooms, serial_curves, eino_curves_01, eino_curves_03,
          eino_curves_02, eino_curves_04, minmay_pentomino_o4, uniq_terence,
          uniq_robin
D:3:      layout_loops_corners, serial_shops, shop, shop, shop, shop_statue,
          serial_forest, infiniplex_forest_end_2, infiniplex_forest_end_double,
          infiniplex_forest_end_1, infiniplex_forest_clump_C,
          infiniplex_forest_lined_3_way
D:4:      layout_loops_ring, portal_sewer_entry_e,
          chequers_serial_rivers_large_a, uniq_eustachio

Skill      XL: |  1  2  3  4  5  6 |
---------------+-------------------+-----
Fighting       | 1 2 |  2.5
Dodging        | 2 |  2.9
Unarmed Combat | 3 |  3.3
Transmutations | 2 3 |  3.0
Throwing       | 1 2 |  2.0
Short Blades   | 1 2 |  2.6
Spellcasting   | |  1.7

Action                   |  1- 3 |  4- 6 || total
-------------------------+-------+-------++-------
Melee: Unarmed           |   101 |       ||   101
       Kick              |    21 |       ||    21
       Headbutt          |     5 |       ||     5
       Dagger            |    24 |   141 ||   165
       Punch             |       |     2 ||     2
 Cast: Beastly Appendage |     8 |       ||     8
 Stab: Sleeping          |     1 |       ||     1
Armor: Robe              |     5 |       ||     5
       Leather armour    |    22 |    40 ||    62
Dodge: Dodged            |    95 |    72 ||   167

Table legend: (Time is in decaauts)
 A = Elapsed time spent in this place.
 B = Non-inter-level travel time spent in this place.
 C = Inter-level travel time spent in this place.
 D = Time resting spent in this place.
 E = Time spent auto-exploring this place.
 F = Levels seen in this place.
 G = Mean time per level.
                   A        B        C        D        E       F      G
               +--------+--------+--------+--------+--------+-----+--------+
         Total |   3979 |   3901 |     78 |    411 |   2856 |   4 |  994.8 |
       Dungeon |   3979 |   3901 |     78 |    411 |   2856 |   4 |  994.8 |
               +--------+--------+--------+--------+--------+-----+--------+

Top non-repeatable levels by time:
     D:3: 1457 daAuts
     D:1: 1323 daAuts
     D:2: 1020 daAuts
     D:4: 178 daAuts
